 Dungeon Crawl Stone Soup version 0.20-a0-435-gf4ea4dd (webtiles) character file.

12 Asddderdsw the Ruffian (level 2, -1/23 HPs)
             Began as a Draconian Transmuter on Jan 5, 2017.
             Slain by a kobold (2 damage)
             ... on level 1 of the Dungeon.
             The game lasted 00:05:45 (459 turns).

Asddderdsw the Ruffian (Draconian Transmuter)        Turns: 459, Time: 00:05:46

Health: -1/23      AC:  4    Str: 12    XL:     2   Next: 20%
Magic:  5/5        EV: 12    Int: 13    God:
Gold:   53         SH:  0    Dex: 11    Spells: 4/5 levels left

rFire  . . .     SeeInvis .     g - +0 spear
rCold  . . .     Gourm    .     (armour unavailable)
rNeg   . . .     Faith    .     (no shield)
rPois  .         Spirit   .     (helmet restricted)
rElec  .         Reflect  .     (no cloak)
rCorr  .         Harm     .     (no gloves)
MR     .....                    (no boots)
Stlth  +.........               (no amulet)
                                (no ring)
                                (no ring)

@: appendage (expiring)
A: unfitting armour, horns 2, cold-blooded, AC +4
a: End Transformation


You were on level 1 of the Dungeon.
You were not hungry.
You had grown temporary horns.
You visited 1 branch of the dungeon, and saw 1 of its levels.

You collected 53 gold pieces.

Inventory:

Hand Weapons
 g - a +0 spear (weapon)
Missiles
 a - 12 arrows
 f - 20 sling bullets
 h - 43 stones (quivered)
 l - 41 bolts
Armour
 k - a +1 pair of gloves
Jewellery
 e - an uncursed amulet of harm {unknown}
Scrolls
 d - 2 scrolls of remove curse {unknown}
 j - a scroll of enchant armour {unknown}
 m - a scroll of teleportation {unknown}
 n - a scroll of fear {unknown}
Potions
 o - a potion of heal wounds {unknown}
Books
 b - a book of Changes

   Spells                             Type                      Level
   a - Beastly Appendage              Transmutation                1
   b - Sticks to Snakes               Transmutation                2
   c - Spider Form                    Transmutation/Poison         3
   d - Ice Form                       Ice/Transmutation            4
   e - Blade Hands                    Transmutation                5
Comestibles
 c - a bread ration
 i - 2 chunks of flesh


   Skills:
 + Level 1.1 Fighting
 + Level 0.2 Polearms
 + Level 1.8 Dodging
 + Level 3.2 Unarmed Combat
 + Level 2.2 Spellcasting
 + Level 2.2 Transmutations


You had 4 spell levels left.
You knew the following spells:

 Your Spells              Type           Power        Failure   Level  Hunger
a - Beastly Appendage     Tmut           #.....       12%         1    ##.....


Dungeon Overview and Level Annotations

Branches:
Dungeon (1/15)

Altars:


Innate Abilities, Weirdness & Mutations

Your plain brown scales are hard. (AC +4)
You cannot fit into any form of body armour.
You are cold-blooded and may be slowed by cold attacks.
You have a pair of horns on your head.


Message History

The leopard gecko completely misses you.
Casting: Beastly Appendage
Confirm with . or Enter, or press ? or * to list all spells.
You grow a pair of large bovine horns.
The leopard gecko bites you.
You closely miss the leopard gecko.
The leopard gecko bites you but does no damage.
You closely miss the leopard gecko. The leopard gecko bites you.
You hit the leopard gecko.
The leopard gecko is moderately wounded.
The leopard gecko bites you but does no damage.
The leopard gecko bites you.
* * * LOW HITPOINT WARNING * * *
The leopard gecko bites you but does no damage.
Your transformation is almost over.
The leopard gecko bites you.
* * * LOW HITPOINT WARNING * * *
The leopard gecko misses you. The leopard gecko closely misses you.
The kobold hits you.
You die...

#......÷....##
#...w.######..
###########.....#.......
#.................#.....
#..............#.##.....
#..............#.##.....
#.......g......#........
#..÷..).K......####.....
#......@.l.####.........
###########.......#.....
#.....#...##.....
##................
######............#####
#.................# #.
#.................# #..
#.÷..[.....############
#########..#...........


You could see a dart slug, a leopard gecko, a hobgoblin and a kobold.

Vanquished Creatures
  A dart slug (D:1)
  3 bats (D:1)
  2 giant cockroaches (D:1)
  A goblin (D:1)
  2 frilled lizards (D:1)
  A rat (D:1)
10 creatures vanquished.

Notes
Turn   | Place    | Note
-------+----------+-------------------------------------------
     0 | D:1      | Asddderdsw the Draconian Transmuter began the quest for the Orb.
     0 | D:1      | Reached XP level 1. HP: 16/16 MP: 3/3
   327 | D:1      | Reached XP level 2. HP: 13/23 MP: 3/5
   453 | D:1      | HP: 1/23 [leopard gecko (4)]
   459 | D:1      | Slain by a kobold

Vault maps used:
D:1:      dpeg_arrival_triangle_fractal

Action                   || total
-------------------------++-------
Melee: Spear             ||    42
       Tailslap          ||     5
       Kick              ||     3
 Cast: Beastly Appendage ||     3
Armor: Skin              ||    34
Dodge: Dodged            ||    73
